 Dungeon Crawl Stone Soup version 0.31-a0-965-g8a8ce12e04 (webtiles) character file.

Game seed: 15293488337367388569

278 Dordric the Changeling (level 6, -2/35 HPs)
             Began as an Octopode Shapeshifter on Oct 26, 2023.
             Was an Initiate of Trog.
             Killed from afar by an orc wizard (7 damage)
             ... with a magic dart
             ... on level 5 of the Dungeon.
             The game lasted 00:04:02 (3831 turns).

Dordric the Changeling (Octopode Shapeshifter)      Turns: 3831, Time: 00:04:02

Health: -2/35      AC:  1    Str: 15    XL:     6   Next: 26%
Magic:  0/6        EV: 13    Int: 19    God:    Trog [......]
Gold:   180        SH:  0    Dex: 11    Spells: 5/5 levels left

rFire   . .          .
                       - Unarmed
rCold   . . .        (shield currently unavailable)
rNeg    . . .        (helmet restricted)
rPois   .            o - amulet of guardian spirit
rElec   .            e - ring of flight
rCorr   .            q - ring of see invisible
SInv    +            r - +6 ring of intelligence
Will    .....        (no ring)
Stlth   +            (no ring)
HPRegen 0.25/turn    (no ring)
MPRegen 0.10/turn    (no ring)
                     (no ring)

%: guardian spirit
@: confused, flux-form, flying, glowing
A: glow, contaminating, reduced hp, almost no armour, amphibious, 8 rings,
camouflage 1, gelatinous body 1, (nimble swimmer 1), tentacles
a: Begin Untransformation, Renounce Religion


You were on level 5 of the Dungeon.
You worshipped Trog.
Trog was noncommittal.
You were something dangerously unstable.
You visited 2 branches of the dungeon, and saw 6 of its levels.

You collected 180 gold pieces.

Inventory:

Jewellery
 e - a ring of flight (left tentacle)
 o - an amulet of guardian spirit (around mantle)
 p - an amulet of magic regeneration
 q - a ring of see invisible (right tentacle)
 r - a +6 ring of intelligence (on tentacle)
Talismans
 b - a beast talisman
 c - a flux talisman (active)
Wands
 l - a wand of light (3)
Scrolls
 f - 2 scrolls of blinking {unknown}
 g - a scroll of immolation
 h - a scroll of poison {unknown}
 j - a scroll of enchant armour {unknown}
 m - a scroll of fear {unknown}
 n - a scroll of revelation {unknown}
 s - 3 scrolls of identify {unknown}
 t - a scroll of enchant weapon {unknown}
 u - a scroll of brand weapon {unknown}
 v - a scroll of fog {unknown}
 w - a scroll of amnesia {unknown}
 y - a scroll of noise {unknown}
 A - a scroll of teleportation {unknown}
Potions
 a - a potion of lignification
 d - 2 potions of enlightenment {unknown}
 i - 2 potions of mutation {unknown}
 k - a potion of heal wounds {unknown}
 x - a potion of curing {unknown}
 z - a potion of brilliance {unknown}


   Skills:
 - Level 1.0 Fighting
 - Level 2.0 Dodging
 - Level 3.0 Unarmed Combat
 + Level 6.3 Shapeshifting


You had 5 spell levels left.
You didn't know any spells.
Your spell library contained the following spells:

 Spells                   Type           Power      Damage    Failure   Level
 Ensorcelled Hibernation  Hex/Ice        0%         N/A       30%         2
 Jinxbite                 Hex            0%         N/A       30%         2
 Anguish                  Hex/Necr       0%         N/A       90%         4


Dungeon Overview and Level Annotations

Branches:
Dungeon (5/15)             Temple (1/1) D:4

Altars:
Cheibriados
Dithmenos
Elyvilon
Fedhas
Hepliaklqana
Kikubaaqudgha
Makhleb
Nemelex Xobeh
Okawaru
Sif Muna
Trog
Uskayaw
Vehumet
Wu Jian
Xom
Yredelemnul
Zin
The Shining One

Shops:
D:3 ?

Annotations:
D:5 1 transporter, gdog's ghost, weakling GnDe


Innate Abilities, Weirdness & Mutations

You are something dangerously unstable.
You glow with magical radiation, making you easy to see and hit.
Foes you strike become dangerously contaminated with magical radiation.
Your maximum health is decreased, since you lack skill for your form.
You are incapable of wielding weapons or throwing items.
You cannot wear most types of armour.
You are amphibious.
You can wear up to eight rings at the same time.
Your skin changes colour to match your surroundings (Stealth+).
Your rubbery body absorbs attacks. (AC +1, EV +1)
((You are camouflaged when in or above water. (Stealth+)))
You have tentacles for arms and can constrict up to eight enemies at once.


Message History

The orc priest calls down the wrath of Beogh upon you.
Beogh smites you!
You are too injured to fight recklessly!
You are too injured to fight recklessly!
You are too injured to fight recklessly!
You are too injured to fight recklessly!
You are too injured to fight recklessly!
You are too injured to fight recklessly!
You are too injured to fight recklessly!
You are too injured to fight recklessly!
You are too injured to fight recklessly!
You are too injured to fight recklessly!
You are too injured to fight recklessly!
You are too injured to fight recklessly!
You are too injured to fight recklessly!
You are too injured to fight recklessly!
You are too injured to fight recklessly!
You are too injured to fight recklessly!
Unknown command.
You release your grip on the orc wizard.
The orc wizard attacks as it pursues you!
The orc wizard hits you with a +0 dagger.
* * * LOW HITPOINT WARNING * * *
An iguana comes into view.
The orc wizard casts a spell.
The orc wizard flickers and vanishes for a moment.
You see here a +0 quarterstaff.
The iguana hisses angrily.
The orc wizard stops glowing.
The orc wizard points at you and mumbles some strange words.
The magic dart hits you!
* * * LOW HITPOINT WARNING * * *
Things that are here:
a +0 heavy mace; a +0 scale mail The orc wizard points at you and mumbles some strange words.
You are confused.
You bump into the rock wall.
The orc wizard gestures at you while chanting.
The magic dart hits you!
You die...

#...###o##..#.#.#.....
.l. #.)oo..o........ #
.###..####l###.....
##.l...# #o........
.....#.# #o#####.##
####....# #)# #.......#
#.####### #.......#
#........
#.......####p#######
#............#
#...<...############.#
#.......####.........#
#........รท...#.....#.#
##.#.#########>###.# #
#.........#.# #.#
#########.#.###....
###.#....#


You could see an iguana, an orc wizard (invisible) and 2 orcs.

Vanquished Creatures
  A water moccasin (D:5)
  A hound (D:3)
  A jelly (D:3)
  An adder (D:5)
  3 worms
  2 dart slugs
  7 orcs
  8 ball pythons
  8 endoplasms
  5 giant cockroaches
  7 goblins
  3 hobgoblins
  7 jackals
  3 kobolds
  5 quokkas
  5 bats
  4 frilled lizards
  4 rats
75 creatures vanquished.

Notes
Turn   | Place    | Note
-------+----------+-------------------------------------------
     0 | D:1      | Dordric the Octopode Shapeshifter began the quest for the
                  | Orb.
     0 | D:1      | Reached XP level 1. HP: 13/13 MP: 1/1
   108 | D:1      | You fall into a shaft and drop 1 floor!
   209 | D:1      | Reached XP level 2. HP: 10/18 MP: 2/2
   343 | D:1      | Found a faded altar of an unknown god.
   957 | D:2      | Reached XP level 3. HP: 14/23 MP: 3/3
  1013 | D:2      | Reached skill level 4 in Shapeshifting
  1478 | D:3      | Found Jeext's Magic Scroll Boutique.
  2090 | D:3      | Reached XP level 4. HP: 18/28 MP: 4/4
  2384 | D:3      | Found an ancient bone altar of Kikubaaqudgha.
  2649 | D:4      | Found an iron altar of Okawaru.
  2655 | D:3      | Reached skill level 5 in Shapeshifting
  2735 | D:3      | Reached XP level 5. HP: 22/33 MP: 2/5
  2951 | D:4      | Found a staircase to the Ecumenical Temple.
  2975 | Temple   | Entered the Ecumenical Temple
  3017 | Temple   | Became a worshipper of Trog the Wrathful
  3247 | D:4      | Found a sparkling altar of Nemelex Xobeh.
  3398 | D:5      | Entered Level 5 of the Dungeon
  3418 | D:5      | Noticed gdog's ghost (weakling GnDe)
  3427 | D:5      | Found a transporter.
  3501 | D:5      | Noticed a water moccasin
  3509 | D:5      | Killed a water moccasin
  3510 | D:5      | Reached skill level 6 in Shapeshifting
  3510 | D:5      | Reached XP level 6. HP: 16/38 MP: 3/6
  3831 | D:5      | Killed from afar by an orc wizard

Illustrated notes

Levels and vault maps discovered:
D:1:      wander_arrival_abandoned_jail, layout_loops_ring,
          basic_ecumenical_altar, minivault_23
D:2:      layout_loops_corners
D:3:      layout_basic, overflow_temple_1_default, serial_shops, shop,
          corner_web_ring
D:4:      layout_rooms, okawaru_metal_pillars_3, mainiacjoe_overflow_alcove_1,
          minmay_temple_entry_slanted, minivault_26
D:5:      layout_loops_ring, old_standard_altar, marbit_many_paths,
          gammafunk_ghost_stat_death, uniq_ijyb
Temple:   nicolae_temple_superstar

Skill      XL: |  1  2  3  4  5 |
---------------+----------------+-----
Shapeshifting  | 4 5 6 |  6.3
Fighting       | |  1.0
Dodging        | |  2.0
Unarmed Combat | |  3.0

Action                     |  1- 3 |  4- 6 || total
---------------------------+-------+-------++-------
  Melee: Unarmed           |    90 |    87 ||   177
         Constrict         |    32 |    28 ||    60
         Tentacles         |    23 |    25 ||    48
  Evoke: Wand              |       |     1 ||     1
    Use: Scroll            |     1 |       ||     1
   Stab: Sleeping          |     1 |     1 ||     2
 Armour: Skin              |    30 |    53 ||    83
  Dodge: Dodged            |    61 |    74 ||   135
   Form: Flux              |     1 |       ||     1

Table legend: (Time is in decaauts)
 A = Elapsed time spent in this place.
 B = Non-inter-level travel time spent in this place.
 C = Inter-level travel time spent in this place.
 D = Time resting spent in this place.
 E = Time spent auto-exploring this place.
 F = Levels seen in this place.
 G = Mean time per level.
                   A        B        C        D        E       F      G
               +--------+--------+--------+--------+--------+-----+--------+
         Total |   3827 |   3736 |     91 |    375 |   2704 |   6 |  637.8 |
       Dungeon |   3773 |   3693 |     80 |    375 |   2704 |   5 |  754.6 |
        Temple |     53 |     42 |     11 |      0 |      0 |   1 |   53.0 |
               +--------+--------+--------+--------+--------+-----+--------+

Top non-repeatable levels by time:
     D:3: 1331 daAuts
     D:2: 836 daAuts
     D:4: 590 daAuts
     D:1: 583 daAuts
     D:5: 431 daAuts
  Temple: 53 daAuts
